3530 views
Uploaded 2020-04-21 13:17:44
Game version 1.32.3
18:51 long 2on2 ladder game on (4)Avalanche_LV
Saved by zebroni
3530 views
Uploaded 2020-04-21 13:17:44
Game version 1.32.3
18:51 long 2on2 ladder game on (4)Avalanche_LV
77 units @ 11.2k
/ 1.9k
30 buildings @ 5.2k
/ 2.3k


| Healing Salve | 2 | 200 |
| Potion of Healing | 3 | 450 |
| Lesser Clarity Potion | 1 | 70 |
| Potion of Mana | 1 | 200 |
| Orb of Lightning | 1 | 375 |
| Scroll of Town Portal | 1 | 350 |
| Potion of Lesser Invulnerability | 1 | 150 |
| total: | 10 | 1795g |
| Peon | 11 | 825 | / | 0 |
| Grunt | 9 | 1800 | / | 0 |
| Shaman | 6 | 780 | / | 120 |
| Spirit Walker | 1 | 195 | / | 35 |
| Tauren | 6 | 1680 | / | 480 |
| Demolisher | 3 | 660 | / | 150 |
| total: | 36 | 5940g | / | 785w |
| Altar of Storms | 1 | 180 | / | 50 |
| Orc Burrow | 4 | 640 | / | 160 |
| Barracks | 1 | 180 | / | 50 |
| Voodoo Lounge | 2 | 260 | / | 60 |
| War Mill | 1 | 205 | / | 0 |
| Great Hall | 1 | 385 | / | 185 |
| Spirit Lodge | 1 | 150 | / | 150 |
| Tauren Totem | 3 | 405 | / | 465 |
| Stronghold | 1 | 315 | / | 190 |
| Fortress | 1 | 325 | / | 190 |
| total: | 14 | 2405g | / | 1120w |
| 0:02 | Peon |
| 0:02 | Peon |
| 0:05 | Altar of Storms |
| 0:14 | Orc Burrow |
| 0:17 | Peon |
| 0:37 | Barracks |
| 0:46 | Peon |
| 1:02 | Peon |
| 1:23 | Peon |
| 1:25 | Orc Burrow |
| 1:38 | Grunt |
| 1:45 | Peon |
| 1:57 | Voodoo Lounge |
| 2:07 | Feral Spirit |
| 2:23 | Grunt |
| 2:52 | Grunt |
| 3:30 | Grunt |
| 3:45 | Stronghold |
| 4:11 | Grunt |
| 4:14 | Orc Burrow |
| 4:16 | Healing Salve |
| 4:58 | Chain Lighting |
| 6:11 | Spirit Lodge |
| 6:15 | Orc Burrow |
| 6:31 | Berserker Strength |
| 7:16 | Potion of Healing |
| 7:53 | Shaman |
| 7:53 | Shaman |
| 7:56 | Grunt |
| 8:03 | War Stomp |
| 8:31 | Grunt |
| 8:48 | Shaman |
| 9:20 | Shaman |
| 9:20 | Fortress |
| 9:37 | Feral Spirit |
| 10:22 | Shaman |
| 10:36 | Grunt |
| 10:46 | Healing Salve |
| 10:46 | Potion of Healing |
| 10:49 | Lesser Clarity Potion |
| 11:06 | Tauren Totem |
| 11:30 | Shaman |
| 11:37 | Grunt |
| 11:46 | War Mill |
| 12:27 | Endurance Aura |
| 12:50 | Spirit Walker |
| 13:00 | Great Hall |
| 13:03 | Tauren |
| 13:26 | Tauren |
| 14:21 | Demolisher |
| 14:24 | Tauren |
| 14:24 | Tauren |
| 14:58 | Tauren Totem |
| 15:03 | Demolisher |
| 15:23 | Tauren Totem |
| 15:34 | Burning Oil |
| 15:46 | Tauren |
| 15:55 | Peon |
| 15:55 | Peon |
| 15:55 | Peon |
| 15:56 | Peon |
| 16:12 | Scroll of Town Portal |
| 16:19 | Potion of Lesser Invulnerability |
| 16:42 | Voodoo Lounge |
| 17:34 | Demolisher |
| 17:46 | Chain Lighting |
| 18:13 | Tauren |
| 18:20 | Potion of Mana |
| 18:25 | Potion of Healing |
| 18:28 | Orb of Lightning |


| Lesser Clarity Potion | 8 | 560 |
| Staff of Preservation | 2 | 300 |
| Potion of Healing | 3 | 450 |
| Potion of Mana | 1 | 200 |
| Scroll of Town Portal | 1 | 350 |
| total: | 15 | 1860g |
| Wisp | 19 | 1140 | / | 0 |
| Archer | 3 | 390 | / | 30 |
| Druid of the Claw | 8 | 2040 | / | 640 |
| Dryad | 6 | 870 | / | 360 |
| Faerie Dragon | 5 | 775 | / | 125 |
| total: | 41 | 5215g | / | 1155w |
| Altar of Elders | 2 | 360 | / | 100 |
| Moon Well | 6 | 1080 | / | 240 |
| Ancient of War | 1 | 150 | / | 60 |
| Ancient of Wonders | 2 | 180 | / | 60 |
| Hunter's Hall | 1 | 210 | / | 100 |
| Tree of Life | 1 | 340 | / | 185 |
| Ancient of Lore | 2 | 310 | / | 290 |
| Ancient of Wind | 1 | 150 | / | 140 |
| Tree of Ages | 2 | 640 | / | 360 |
| Tree of Eternity | 1 | 330 | / | 200 |
| total: | 16 | 2780g | / | 1175w |
| 0:01 | Altar of Elders |
| 0:02 | Wisp |
| 0:02 | Wisp |
| 0:06 | Altar of Elders |
| 0:18 | Moon Well |
| 0:23 | Wisp |
| 0:31 | Ancient of War |
| 0:40 | Wisp |
| 0:55 | Wisp |
| 1:12 | Wisp |
| 1:13 | Wisp |
| 1:33 | Archer |
| 1:44 | Wisp |
| 1:45 | Wisp |
| 1:52 | Moon Well |
| 1:58 | Wisp |
| 2:11 | Entangling Roots |
| 2:15 | Ancient of Wonders |
| 2:18 | Moon Well |
| 2:40 | Tree of Ages |
| 3:07 | Moon Well |
| 3:20 | Archer |
| 3:29 | Hunter's Hall |
| 3:34 | Archer |
| 4:26 | Ancient of Wonders |
| 5:08 | Wisp |
| 5:08 | Wisp |
| 5:13 | Force of Nature |
| 5:29 | Frost Arrows |
| 5:31 | Lesser Clarity Potion |
| 5:31 | Lesser Clarity Potion |
| 5:37 | Tree of Eternity |
| 5:39 | Ancient of Lore |
| 6:08 | Ancient of Lore |
| 6:11 | Moon Well |
| 6:52 | Druid of the Claw Adept Training |
| 6:53 | Druid of the Claw |
| 7:16 | Druid of the Claw |
| 7:34 | Forked Lightning |
| 7:51 | Druid of the Claw |
| 7:59 | Lesser Clarity Potion |
| 8:01 | Druid of the Claw Master Training |
| 8:24 | Lesser Clarity Potion |
| 8:25 | Staff of Preservation |
| 8:31 | Lesser Clarity Potion |
| 8:36 | Potion of Healing |
| 9:06 | Druid of the Claw |
| 9:08 | Abolish Magic |
| 9:51 | Force of Nature |
| 10:23 | Dryad |
| 10:24 | Dryad |
| 10:50 | Ancient of Wind |
| 10:50 | Dryad |
| 11:05 | Moon Well |
| 11:06 | Strength of the Wild |
| 11:07 | Reinforced Hides |
| 11:34 | Dryad |
| 11:35 | Dryad |
| 11:36 | Mark of the Claw |
| 11:56 | Faerie Dragon |
| 11:57 | Faerie Dragon |
| 12:07 | Lesser Clarity Potion |
| 12:09 | Faerie Dragon |
| 12:38 | Druid of the Claw |
| 12:58 | Forked Lightning |
| 13:18 | Scroll of Town Portal |
| 14:17 | Tree of Life |
| 14:24 | Entangling Roots |
| 15:01 | Druid of the Claw |
| 15:25 | Faerie Dragon |
| 15:25 | Faerie Dragon |
| 15:28 | Dryad |
| 15:30 | Wisp |
| 15:30 | Wisp |
| 15:30 | Wisp |
| 16:18 | Lesser Clarity Potion |
| 16:18 | Lesser Clarity Potion |
| 16:20 | Staff of Preservation |
| 16:21 | Potion of Healing |
| 16:26 | Potion of Mana |
| 16:36 | Potion of Healing |
| 16:59 | Druid of the Claw |
| 17:26 | Druid of the Claw |
| 17:46 | Frost Arrows |
| 17:54 | Wisp |
| 17:54 | Wisp |
| 17:54 | Wisp |
| 17:54 | Wisp |
73 units @ 10.7k
/ 1.6k
41 buildings @ 4.1k
/ 1.6k


x1)
| Lesser Clarity Potion | 4 | 280 |
| Scroll of Regeneration | 1 | 100 |
| Scroll of Healing | 3 | 750 |
| Potion of Lesser Invulnerability | 1 | 150 |
| Tome of Retraining | 1 | 300 |
| total: | 10 | 1580g |
| Peasant | 14 | 1050 | / | 0 |
| Footman | 8 | 1080 | / | 0 |
| Sorceress | 1 | 155 | / | 20 |
| Priest | 6 | 810 | / | 60 |
| Spell Breaker | 10 | 2150 | / | 300 |
| total: | 39 | 5245g | / | 380w |
| Scout Tower | 1 | 30 | / | 20 |
| Arcane Tower | 1 | 70 | / | 50 |
| Altar of Kings | 1 | 180 | / | 50 |
| Farm | 10 | 800 | / | 200 |
| Barracks | 1 | 160 | / | 60 |
| Arcane Vault | 1 | 130 | / | 30 |
| Blacksmith | 1 | 140 | / | 60 |
| Arcane Sanctum | 2 | 300 | / | 280 |
| Keep | 1 | 320 | / | 210 |
| total: | 17 | 1740g | / | 700w |
| 0:01 | Peasant |
| 0:01 | Peasant |
| 0:06 | Altar of Kings |
| 0:17 | Farm |
| 0:18 | Barracks |
| 0:27 | Peasant |
| 0:39 | Peasant |
| 0:50 | Peasant |
| 1:02 | Farm |
| 1:16 | Peasant |
| 1:21 | Footman |
| 1:27 | Scout Tower |
| 1:40 | Farm |
| 1:42 | Peasant |
| 1:43 | Footman |
| 1:58 | Peasant |
| 2:07 | Footman |
| 2:09 | Summon Water Elemental |
| 2:26 | Footman |
| 2:51 | Footman |
| 3:35 | Footman |
| 3:55 | Brilliance Aura |
| 4:00 | Footman |
| 4:01 | Keep |
| 4:03 | Arcane Vault |
| 4:15 | Defend |
| 4:17 | Farm |
| 4:18 | Farm |
| 4:59 | Farm |
| 5:09 | Farm |
| 5:42 | Summon Water Elemental |
| 6:09 | Lesser Clarity Potion |
| 6:25 | Arcane Sanctum |
| 6:26 | Arcane Sanctum |
| 7:00 | Arcane Tower |
| 7:11 | Peasant |
| 7:11 | Peasant |
| 7:11 | Footman |
| 7:21 | Storm Bolt |
| 7:25 | Sorceress |
| 7:25 | Priest |
| 7:28 | Peasant |
| 7:56 | Spell Breaker |
| 8:40 | Spell Breaker |
| 9:02 | Spell Breaker |
| 9:08 | Lesser Clarity Potion |
| 9:31 | Scroll of Regeneration |
| 9:35 | Spell Breaker |
| 9:50 | Priest |
| 9:57 | Thunder Clap |
| 10:04 | Lesser Clarity Potion |
| 10:19 | Priest |
| 11:10 | Spell Breaker |
| 11:16 | Farm |
| 11:17 | Peasant |
| 11:25 | Brilliance Aura |
| 11:54 | Farm |
| 11:56 | Farm |
| 12:16 | Scroll of Healing |
| 12:16 | Potion of Lesser Invulnerability |
| 12:34 | Spell Breaker |
| 12:35 | Priest |
| 12:37 | Priest Adept Training |
| 13:00 | Tome of Retraining |
| 13:00 | Retrain Hero |
| 13:02 | Blizzard |
| 13:02 | Brilliance Aura |
| 13:22 | Spell Breaker |
| 14:00 | Spell Breaker |
| 14:55 | Spell Breaker |
| 14:57 | Priest |
| 15:09 | Lesser Clarity Potion |
| 15:55 | Spell Breaker |
| 16:11 | Blacksmith |
| 16:36 | Thunder Clap |
| 16:44 | Scroll of Healing |
| 16:52 | Peasant |
| 16:52 | Peasant |
| 17:27 | Blizzard |
| 17:50 | Scroll of Healing |
| 17:55 | Priest |
| 18:18 | Storm Bolt |
| 18:46 | Iron Plating |
| 18:46 | Iron Forged Swords |


| Potion of Mana | 1 | 200 |
| Potion of Healing | 2 | 300 |
| Scroll of Regeneration | 1 | 100 |
| Scroll of Town Portal | 2 | 700 |
| Potion of Lesser Invulnerability | 1 | 150 |
| total: | 7 | 1450g |
| Peasant | 11 | 825 | / | 0 |
| Rifleman | 9 | 1845 | / | 270 |
| Mortar Team | 10 | 1800 | / | 700 |
| Knight | 4 | 980 | / | 240 |
| total: | 34 | 5450g | / | 1210w |
| Scout Tower | 6 | 180 | / | 120 |
| Arcane Tower | 1 | 70 | / | 50 |
| Guard Tower | 1 | 70 | / | 50 |
| Altar of Kings | 1 | 180 | / | 50 |
| Farm | 11 | 880 | / | 220 |
| Blacksmith | 1 | 140 | / | 60 |
| Barracks | 1 | 160 | / | 60 |
| Lumber Mill | 1 | 120 | / | 0 |
| Arcane Vault | 1 | 130 | / | 30 |
| Town Hall | 1 | 385 | / | 205 |
| Workshop | 1 | 140 | / | 140 |
| Keep | 1 | 320 | / | 210 |
| Castle | 1 | 360 | / | 210 |
| total: | 24 | 2315g | / | 885w |
| 0:03 | Peasant |
| 0:03 | Peasant |
| 0:15 | Altar of Kings |
| 0:21 | Farm |
| 0:23 | Peasant |
| 0:44 | Peasant |
| 0:44 | Peasant |
| 0:44 | Peasant |
| 1:02 | Blacksmith |
| 1:05 | Peasant |
| 1:33 | Farm |
| 1:52 | Barracks |
| 1:55 | Peasant |
| 2:08 | Scout Tower |
| 2:09 | Scout Tower |
| 2:17 | Holy Light |
| 2:30 | Scout Tower |
| 2:42 | Scout Tower |
| 2:48 | Peasant |
| 3:09 | Peasant |
| 3:10 | Arcane Tower |
| 3:11 | Rifleman |
| 3:22 | Peasant |
| 3:32 | Scout Tower |
| 3:53 | Rifleman |
| 4:11 | Lumber Mill |
| 4:20 | Defend |
| 4:23 | Keep |
| 4:34 | Farm |
| 4:37 | Farm |
| 4:59 | Black Gunpowder |
| 5:15 | Devotion Aura |
| 5:19 | Rifleman |
| 5:26 | Guard Tower |
| 5:28 | Farm |
| 5:30 | Rifleman |
| 5:48 | Farm |
| 6:06 | Arcane Vault |
| 6:28 | Scout Tower |
| 6:33 | Rifleman |
| 6:35 | Farm |
| 6:53 | Long Rifles |
| 7:34 | Rifleman |
| 7:59 | Rifleman |
| 8:02 | Workshop |
| 8:06 | Farm |
| 8:09 | Refined Gunpowder |
| 8:19 | Improved Lumber Harvesting |
| 8:35 | Rifleman |
| 9:15 | Scroll of Town Portal |
| 9:26 | Flame Strike |
| 9:40 | Rifleman |
| 10:12 | Mortar Team |
| 10:25 | Holy Light |
| 10:27 | Castle |
| 10:58 | Mortar Team |
| 11:16 | Studded Leather Armor |
| 11:55 | Mortar Team |
| 12:02 | Potion of Mana |
| 12:02 | Potion of Healing |
| 12:07 | Siphon Mana |
| 12:20 | Mortar Team |
| 12:31 | Farm |
| 12:32 | Farm |
| 12:32 | Farm |
| 12:44 | Potion of Lesser Invulnerability |
| 14:06 | Mortar Team |
| 14:06 | Mortar Team |
| 14:06 | Mortar Team |
| 14:14 | Flame Strike |
| 15:03 | Mortar Team |
| 15:05 | Knight |
| 15:05 | Knight |
| 15:09 | Devotion Aura |
| 15:18 | Scroll of Regeneration |
| 15:44 | Potion of Healing |
| 15:56 | Scroll of Town Portal |
| 16:34 | Town Hall |
| 17:37 | Siphon Mana |
| 18:06 | Fragmentation Shards |
| 18:07 | Mortar Team |
| 18:19 | Knight |
| 18:19 | Knight |
| 18:22 | Holy Light |
| 18:51 | Mortar Team |
⇛